 Dungeon Crawl Stone Soup version 0.31-a0-66-ge618eeaa78 (webtiles) character file.

Game seed: 16269710227760073804

4462 browni3141 the Fighter (level 10, -1/166 HPs)
             Began as an Ogre Warper on May 22, 2023.
             Was a Follower of Okawaru.
             Shot with a sling bullet by a skeletal warrior (14 damage)
             ... on level 7 of the Dungeon.
             The game lasted 00:20:36 (12296 turns).

browni3141 the Fighter (Ogre Warper)               Turns: 12296, Time: 00:20:37

Health: -1/166     AC: 25    Str: 21    XL:     10   Next: 37%
Magic:  12/16      EV:  1    Int: 20    God:    Okawaru [*.....]
Gold:   268        SH:  0    Dex: 14    Spells: 7/17 levels left

rFire   . . .        w - +0 short sword (venom)
rCold   . . .        (no shield)
rNeg    . . .        x - melded +0 robe
rPois   +            (helmet currently unavailable)
rElec   .            (cloak currently unavailable)
rCorr   .            (gloves unavailable)
SInv    .            (boots unavailable)
Will    +....        (no amulet)
Stlth   ++           e - +6 ring of intelligence
HPRegen 0.47/turn    y - +6 ring of dexterity
MPRegen 0.15/turn

%: no passive effects
@: lethally poisoned (-1 -> -13), tree-form, on blink cooldown
A: stationary, stasis, torment immunity, boosted hp, large, unfitting armour,
(tough skin 1)
a: Renounce Religion, Heroism


You were on level 7 of the Dungeon.
You worshipped Okawaru.
Okawaru was aware of your devotion.
You were a tree.
You visited 2 branches of the dungeon, and saw 8 of its levels.

You collected 268 gold pieces.

Inventory:

Hand Weapons
 a - a +4 flail of protection
 b - the +0 sling of Macannog {speed, Str-2 Int+2 Dex+6}
   (You found it on level 5 of the Dungeon)

   Str:       It affects your strength (-2).
   Int:       It affects your intelligence (+2).
   Dex:       It affects your dexterity (+6).
 g - a +0 club
 t - a +0 mace
 u - a +0 whip
 w - a +0 short sword of venom (weapon)
Missiles
 d - 7 boomerangs of dispersal
 l - 44 stones
 m - 2 boomerangs (quivered)
 C - 7 poisoned darts
 E - 4 silver boomerangs
Armour
 x - a +0 robe (melded)
Jewellery
 e - a +6 ring of intelligence (left branch)
 q - a ring of magical power
 v - a ring of willpower
 y - a +6 ring of dexterity (right branch)
 D - an amulet of faith
 F - a ring of magical power
 L - a ring of fire
 Q - a +6 ring of dexterity
Wands
 G - a wand of mindburst (5)
 P - a wand of polymorph (3)
Scrolls
 c - a scroll of blinking
 f - a scroll of vulnerability {unknown}
 h - a scroll of brand weapon {unknown}
 i - a scroll of fog {unknown}
 j - 5 scrolls of identify {unknown}
 k - 2 scrolls of magic mapping {unknown}
 n - 3 scrolls of teleportation {unknown}
 o - 2 scrolls of enchant armour {unknown}
 N - a scroll of enchant weapon {unknown}
Potions
 p - a potion of mutation {unknown}
 r - 2 potions of might
 s - 4 potions of lignification
 z - 2 potions of heal wounds {unknown}
 A - 2 potions of enlightenment {unknown}
 B - 3 potions of curing {unknown}
 H - 2 potions of haste
 I - a potion of cancellation {unknown}
 K - a potion of degeneration {unknown}
 M - a potion of brilliance {unknown}
 O - a potion of attraction {unknown}


   Skills:
 + Level 10.8 Fighting
 * Level 10.6 Maces & Flails
 - Level 1.0 Throwing
 - Level 4.0 Dodging
 - Level 1.0 Stealth
 - Level 4.0 Spellcasting
 - Level 3.0 Translocations


You had 7 spell levels left.
You knew the following spells:

 Your Spells              Type           Power      Damage    Failure   Level
a - Blink                 Tloc           32%        N/A       5%          2
b - Lesser Beckoning      Tloc           32%        N/A       5%          2
c - Teleport Other        Tloc           16%        N/A       11%         3
d - Vhi's Electric Charg  Tloc/Air       16%        N/A       26%         3

Your spell library contained the following spells:

 Spells                   Type           Power      Damage    Failure   Level
 Sting                    Tmut/Pois      8%         1d3       16%         1
 Wereblood                Tmut           4%         N/A       19%         2
 Passwall                 Tmut/Erth      1%         N/A       24%         2
 Poisonous Vapours        Pois/Air       4%         N/A       24%         2
 Static Discharge         Conj/Air       4%         2-3/arc   24%         2
 Portal Projectile        Hex/Tloc       16%        N/A       26%         3
 Manifold Assault         Tloc           16%        N/A       36%         4
 Airstrike                Air            2%         2d(1-17)  77%         4
 Olgreb's Toxic Radiance  Pois           4%         N/A       77%         4
 Leda's Liquefaction      Hex/Erth       1%         N/A       83%         4
 Blade Hands              Tmut           2%         N/A       98%         5
 Necromutation            Tmut/Necr      1%         N/A       100%        8
 Call Canine Familiar     Summ           Unusable   N/A       N/A         3
 Summon Lightning Spire   Summ/Air       Unusable   N/A       N/A         4
 Malign Gateway           Summ/Tloc      Unusable   N/A       N/A         7
 Summon Horrible Things   Summ           Unusable   N/A       N/A         8

Dungeon Overview and Level Annotations

Branches:
Dungeon (7/15)             Temple (1/1) D:7

Altars:
Cheibriados
Dithmenos
Elyvilon
Fedhas
Gozag
Hepliaklqana
Makhleb
Nemelex Xobeh
Okawaru
Qazlal
Ru
Sif Muna
Trog
Uskayaw
Vehumet
Wu Jian
Xom
Yredelemnul
Zin
The Shining One

Shops:
D:1 [   D:6 *

Annotations:
D:2 1 runed translucent door, Crazy Yiuf
D:7 Prince Ribbit


Innate Abilities, Weirdness & Mutations

You are a tree.
Your roots penetrate the ground, keeping you stationary.
You cannot be teleported.
You are immune to unholy pain and torment.
Your maximum health is greatly increased.
Your equipment is partially melded.
You are too large for most types of armour.
((You have tough skin. (AC +1)))


Message History

The sky beast flickers out of sight!
Deactivating autopickup; reactivate with Ctrl-A.
A sky beast appears from thin air!
Reactivating autopickup.
You feel stable enough to blink again.
Casting: Blink (safe; 5% risk of failure)
Confirm with . or Enter, or press ? or * to list all spells.
You blink.
The sky beast flickers out of sight!
Deactivating autopickup; reactivate with Ctrl-A.
You feel stable enough to blink again.
A sky beast appears from thin air!
Reactivating autopickup.
A shadow imp comes into view.
The shadow imp shouts!
A troll comes into view.
The skeletal warrior shoots a sling bullet.
The sling bullet completely misses you.
The shadow imp moves out of view.
The troll shouts!
A water moccasin comes into view.
An orc comes into view. It is wielding a +0 dagger.
The shadow imp grinds its teeth.
The orc shouts!
The water moccasin hisses angrily.
Casting: Blink (safe; 5% risk of failure)
Confirm with . or Enter, or press ? or * to list all spells.
You blink.
Found a pair of boots.
The skeletal warrior shoots a sling bullet.
The sling bullet hits you!
* * * LOW HITPOINT WARNING * * *
The water moccasin bites you!
* * * LOW HITPOINT WARNING * * *
You are lethally poisoned!
The water moccasin poisons you!
It was a potion of lignification.
You turn into a tree.
Your +0 robe melds into your body.
Your roots penetrate the ground.
* * * LOW HITPOINT WARNING * * *
You feel very sick.
The skeletal warrior shoots a sling bullet.
The sling bullet hits you!
You die...

.[........##...z.......#
..........#.............#
.....<#.<.#..............
.....##......##.##......
#...##...§..z#.#.#.o ...
##.##.....#...# #.. ....
##..........#.#.#......
#....##....##.##....#
##.#####...YT.♣S....#
#..# ###..5####..## #...
###... [# ##.## ..5.. #.#
#...... ### ...... ..###.
..#


You could see a skeletal warrior, a troll, a water moccasin, a sky beast and a
shadow imp.

Vanquished Creatures
  A boulder beetle (D:7)
  Maggie (D:7)
  6 yaks
  Menkaure (D:5)
  A steam dragon (D:6)
  Edmund (D:5)
  2 orc warriors
  Duvessa (D:5)
  An ice beast (D:6)
  4 black bears (D:5)
  2 ogres (D:5)
  A centaur (D:5)
  2 scorpions
  3 bullfrogs
  Dowan (D:5)
  3 howler monkeys (D:7)
  5 hounds
  3 orc priests
  2 jellies
  An iguana (D:5)
  5 sleepcaps
  7 orc wizards
  Robin (D:1)
  6 gnolls
  8 adders
  An ufetubus (D:6)
  A worm (D:4)
  5 dart slugs
  33 orcs
  4 bats
  7 endoplasms
  2 giant cockroaches
  14 goblins
  6 hobgoblins
  2 jackals
  8 kobolds
  2 quokkas
  3 ball pythons
  2 frilled lizards
  3 rats
162 creatures vanquished.

Notes
Turn   | Place    | Note
-------+----------+-------------------------------------------
     0 | D:1      | browni3141 the Ogre Warper began the quest for the Orb.
     0 | D:1      | Reached XP level 1. HP: 22/22 MP: 3/3
   273 | D:1      | Reached XP level 2. HP: 24/31 MP: 5/5
   885 | D:1      | Found Apoessyev's Armour Emporium.
  1078 | D:2      | Noticed Robin
  1390 | D:1      | Learned a level 2 spell: Blink
  1393 | D:1      | Learned a level 2 spell: Lesser Beckoning
  1498 | D:1      | Reached XP level 3. HP: 34/37 MP: 6/6
  1580 | D:1      | Killed Robin
  2015 | D:2      | Reached XP level 4. HP: 45/45 MP: 8/8
  2049 | D:2      | Reached skill level 1 in Stealth
  2277 | D:2      | Found a runed translucent door.
  2278 | D:2      | Noticed Crazy Yiuf
  3571 | D:3      | Reached XP level 5. HP: 53/53 MP: 9/9
  5017 | D:3      | Reached XP level 6. HP: 59/62 MP: 12/12
  5134 | D:4      | Learned a level 3 spell: Teleport Other
  5138 | D:4      | Learned a level 3 spell: Vhi's Electric Charge
  6580 | D:4      | Reached XP level 7. HP: 62/71 MP: 13/13
  6862 | D:5      | Entered Level 5 of the Dungeon
  6929 | D:5      | Reached skill level 5 in Fighting
  6999 | D:5      | Noticed Edmund
  7052 | D:5      | Killed Edmund
  7174 | D:5      | Reached skill level 5 in Maces & Flails
  7374 | D:5      | Noticed Duvessa
  7378 | D:5      | Reached XP level 8. HP: 80/83 MP: 14/14
  7422 | D:5      | Killed Duvessa
  7438 | D:5      | Noticed Dowan
  7461 | D:5      | Killed Dowan
  8085 | D:5      | Noticed Menkaure
  8101 | D:5      | Killed Menkaure
  8107 | D:5      | Identified the +0 sling of Macannog {speed, Str-2 Int+2
                  | Dex+6}
  9256 | D:6      | Reached XP level 9. HP: 55/96 MP: 12/15
  9501 | D:6      | Found Haumif's Neck Hole.
 10853 | D:7      | Found a staircase to the Ecumenical Temple.
 10870 | Temple   | Entered the Ecumenical Temple
 11045 | Temple   | Became a worshipper of Warmaster Okawaru
 11124 | D:7      | Noticed Prince Ribbit
 11232 | D:7      | Noticed Maggie
 11248 | D:7      | Killed Maggie
 11249 | D:7      | Reached skill level 10 in Fighting
 11249 | D:7      | Reached XP level 10. HP: 99/110 MP: 16/16
 11324 | D:7      | Noticed a skeletal warrior
 11368 | D:7      | Reached skill level 10 in Maces & Flails
 12236 | D:7      | Noticed a boulder beetle
 12260 | D:7      | Killed a boulder beetle
 12260 | D:7      | Reached * piety under Okawaru
 12296 | D:7      | Shot with a sling bullet by a skeletal warrior

Illustrated notes

Levels and vault maps discovered:
D:1:      ebering_trefoil_3fold, layout_loops_corners, serial_shops,
          nicolae_lakefront_shop, minmay_misc_feat_x,
          chequers_serial_rivers_micro_a
D:2:      layout_rooms, uniq_crazy_yiuf_cottage, uniq_robin
D:3:      layout_basic
D:4:      layout_basic
D:5:      layout_basic, uniq_menkaure, uniq_duvessa, uniq_edmund
D:6:      layout_cave_pools, nicolae_shop_sticking_my_neck_out
D:7:      minmay_the_grid_plus [minmay_the_grid_gridbox,
          minmay_the_grid_armoury, minmay_the_grid_paths,
          minmay_the_grid_minigrid_medium, minmay_the_grid_prize_big_room],
          layout_cave_pools, minmay_temple_entry_grid, serial_shops,
          nicolae_shop_gaudy_bauble, uniq_prince_ribbit1, uniq_maggie
Temple:   nicolae_temple_bog_church

Skill      XL: |  1  2  3  4  5  6  7  8  9 10 |
---------------+-------------------------------+-----
Maces & Flails | 2 3 4 5 7 9 10 | 10.6
Fighting       | 3 4 5 7 10 | 10.8
Stealth        | 1 |  1.0
Spellcasting   | 3 4 |  4.0
Translocations | 3 |  3.0
Dodging        | 3 4 |  4.0
Throwing       | |  1.0

Action                     |  1- 3 |  4- 6 |  7- 9 | 10-12 || total
---------------------------+-------+-------+-------+-------++-------
  Melee: Club              |   200 |   100 |       |       ||   300
         Mace              |     5 |       |       |       ||     5
         Punch             |     1 |     6 |     7 |       ||    14
         Whip              |       |   231 |       |       ||   231
         Short sword       |       |    23 |    98 |     9 ||   130
         Flail             |       |       |   177 |    36 ||   213
         Unarmed           |       |       |     6 |     1 ||     7
   Fire: Sling             |       |       |     5 |     4 ||     9
  Throw: Stone             |    11 |       |       |       ||    11
         Boomerang         |     1 |     9 |     5 |       ||    15
         Dart              |       |    55 |     7 |       ||    62
   Cast: Blink             |     3 |    15 |    12 |     7 ||    37
         Teleport Other    |       |       |    11 |       ||    11
  Evoke: Wand              |       |       |       |     2 ||     2
    Use: Potion            |       |       |       |     1 ||     1
   Stab: Sleeping          |     1 |       |     2 |       ||     3
         Confused          |       |       |     1 |       ||     1
         Invisible         |       |       |       |     1 ||     1
 Armour: Robe              |    57 |    78 |    97 |    25 ||   257
         Skin              |       |       |     1 |     3 ||     4
  Dodge: Dodged            |   112 |   209 |   193 |    79 ||   593

Table legend: (Time is in decaauts)
 A = Elapsed time spent in this place.
 B = Non-inter-level travel time spent in this place.
 C = Inter-level travel time spent in this place.
 D = Time resting spent in this place.
 E = Time spent auto-exploring this place.
 F = Levels seen in this place.
 G = Mean time per level.
                   A        B        C        D        E       F      G
               +--------+--------+--------+--------+--------+-----+--------+
         Total |  12356 |  11612 |    744 |   2975 |   5890 |   8 | 1544.5 |
       Dungeon |  12168 |  11450 |    718 |   2975 |   5747 |   7 | 1738.3 |
        Temple |    188 |    162 |     26 |      0 |    143 |   1 |  188.0 |
               +--------+--------+--------+--------+--------+-----+--------+

Top non-repeatable levels by time:
     D:5: 3045 daAuts
     D:3: 2302 daAuts
     D:1: 1928 daAuts
     D:6: 1614 daAuts
     D:4: 1479 daAuts
     D:2: 1356 daAuts
     D:7: 441 daAuts
  Temple: 188 daAuts
